 Dungeon Crawl Stone Soup version 0.30.1-9-gdf580d7c3d (webtiles) character file.

Game seed: 8527131786157043658

3018030 SuperSeabass the Maledictor (level 27, 250/250 (256) HPs)
             Began as a Meteoran Earth Elementalist on Sept 28, 2023.
             Was a High Priest of Ashenzari.
             Escaped with the Orb
             ... and 3 runes on Sept 29, 2023!
             The game lasted 07:35:47 (25310 turns).

SuperSeabass the Maledictor (MeEE)                 Turns: 25310, Time: 07:35:47

HP:   250/250 (256) AC: 13    Str: 17    XL:     27
MP:   66/66         EV: 28    Int: 27    God:    Ashenzari [*****.]
Gold: 1271          SH: 15    Dex: 19    Spells: 3/67 levels left

rFire   + + .        a - +0 long sword of the Shattered God {flame, rPois rF+, Elem, Bglg} (curse)
rCold   + . .        T - +0 kite shield "Cursed Incredulity" {reflect, Evo, Melee} (curse)
rNeg    . . .        u - +2 robe of Supernal Understanding {rC+ rF+, Bglg, Fort} (curse)
rPois   +            n - +2 helmet "Circumscribed Together" {Int+3, Range, Evo} (curse)
rElec   +            X - +1 cloak of Desmomancy {Comp, Bglg} (curse)
rCorr   .            b - +0 pair of gloves "Share My Fetters" {Range, Fort} (curse)
SInv    +            N - +1 pair of boots "Shattered Malaise" {rElec Stlth+, Self, Cun} (curse)
Will    +++..        v - amulet of the Fated Foul Odours {Acrobat, Cun, Fort} (curse)
Stlth   +            t - ring of the Sublime Seer {MP+9, Elem, Alch} (curse)
HPRegen 0.61/turn    M - ring of magical power
MPRegen 0.40/turn

%: reflection, acrobat, clarity
@: glowing, lightly drained
A: sense surroundings 3, otherworldly, glowing, explore regen, iridescent scales
1, deformed body, mutation resistance 1, strong 1, subdued magic 2, inability to
read after injury 1
0: Orb of Zot
}: 3/15 runes: decaying, serpentine, abyssal
a: Renounce Religion, Shatter the Chains


You escaped.
You worshipped Ashenzari.
Ashenzari was extremely pleased with you.
You visited 10 branches of the dungeon, and saw 47 of its levels.
You visited the Abyss 1 time.
You also visited: Bailey and Ice Cave.

You collected 3701 gold pieces.
You spent 2430 gold pieces at shops.

Inventory:

Hand Weapons
 a - the cursed +0 long sword of the Shattered God (weapon) {flame, rPois rF+, Elem, Bglg}
   (You found it on level 4 of the Lair of Beasts)

   rF:        It protects you from fire.
   rPois:     It protects you from poison.
   It has a curse which improves the following skills: Elements: Fire Magic, Ice
   Magic, Air Magic and Earth Magic.
   Beguiling: Conjurations, Hexes and Translocations.
Missiles
 U - a curare-tipped dart
 V - 2 throwing nets
Armour
 b - the cursed +0 pair of gloves "Share My Fetters" (worn) {Range, Fort}
   (You found it on level 5 of the Dungeon)

   It has a curse which improves the following skills: Ranged Combat: Ranged
   Weapons and Throwing.
   Fortitude: Armour and Shields.
 n - the cursed +2 helmet "Circumscribed Together" (worn) {Int+3, Range, Evo}
   (You found it on level 3 of the Elven Halls)

   It has a curse which improves the following skills: Ranged Combat: Ranged
   Weapons and Throwing.
   Evocations: Evocations.
 u - the cursed +2 robe of Supernal Understanding (worn) {rC+ rF+, Bglg, Fort}
   (You took it off an orc sorcerer on level 1 of the Orcish Mines)

   It has a curse which improves the following skills: Beguiling: Conjurations,
   Hexes and Translocations.
   Fortitude: Armour and Shields.
 N - the cursed +1 pair of boots "Shattered Malaise" (worn) {rElec Stlth+, Self, Cun}
   (You found it on level 1 of the Snake Pit)

   rElec:     It insulates you from electricity.
   Stlth:     It makes you more stealthy.
   It has a curse which improves the following skills: Introspection: Fighting
   and Spellcasting.
   Cunning:   Dodging and Stealth.
 R - the +1 buckler "Kiwaez" {rElec Will+ Str+4}
   (You took it off a deep elf high priest on level 3 of the Elven Halls)

   Str:       It affects your strength (+4).
   rElec:     It insulates you from electricity.
   Will:      It increases your willpower.
 T - the cursed +0 kite shield "Cursed Incredulity" (worn) {reflect, Evo, Melee}
   (You took it off Donald on level 3 of the Swamp)

   It has a curse which improves the following skills: Evocations: Evocations.
   Melee Combat: Short Blades, Long Blades, Axes, Maces & Flails, Polearms,
   Staves and Unarmed Combat.
 X - the cursed +1 cloak of Desmomancy (worn) {Comp, Bglg}
   (You found it on level 3 of the Lair of Beasts)

   It has a curse which improves the following skills: Companions: Summonings
   and Necromancy.
   Beguiling: Conjurations, Hexes and Translocations.
Magical Staves
 J - the staff of fire "Sethra" {rF+ rC+ rCorr Str+3 Stlth-}
   (You found it on level 3 of the Elven Halls)

   [staff of fire]

   Base accuracy: +5 Base damage: 5 Base attack delay: 1.2 This weapon's minimum
   attack delay (0.6) is reached at skill level 12.
   Str:       It affects your strength (+3).
   rF:        It protects you from fire.
   rC:        It protects you from cold.
   rCorr:     It protects you from acid and corrosion.
   Stlth:     It makes you less stealthy.
   It falls into the 'Staves' category.
   It is a one-handed weapon.
Jewellery
 t - the cursed ring of the Sublime Seer (left hand) {MP+9, Elem, Alch}
   (You found it on level 1 of the Dungeon)

   [ring of magical power]

   MP:        It affects your magic capacity (+9).
   It has a curse which improves the following skills: Elements: Fire Magic, Ice
   Magic, Air Magic and Earth Magic.
   Alchemy:   Poison Magic and Transmutations.
 v - the cursed amulet of the Fated Foul Odours (around neck) {Acrobat, Cun, Fort}
   (You found it on level 1 of the Dungeon)

   [amulet of the acrobat]

   It increases your evasion while moving and waiting.
   It has a curse which improves the following skills: Cunning: Dodging and
   Stealth.
   Fortitude: Armour and Shields.
 A - a +4 ring of protection
 C - a ring of protection from cold
 H - a ring of protection from fire
 I - a +6 ring of intelligence
 M - a ring of magical power (right hand)
 W - a ring of willpower
 Z - a ring of wizardry
Wands
 d - a wand of digging (7)
 i - a wand of roots (12)
 m - a wand of mindburst (11)
 p - a wand of polymorph (12)
 r - a wand of acid (8)
 z - a wand of charming (25)
Scrolls
 c - a scroll of enchant armour
 f - 5 scrolls of fog
 y - 12 scrolls of teleportation
 B - 3 scrolls of amnesia
 D - a scroll of magic mapping
 F - 3 scrolls of poison
 L - 3 scrolls of immolation
 O - a scroll of fear
 Q - 3 scrolls of silence
Potions
 e - 2 potions of cancellation
 g - 9 potions of curing
 j - 4 potions of might
 k - 5 potions of lignification
 q - 4 potions of flight
 s - 2 potions of haste
 w - a potion of magic
 x - 3 potions of berserk rage
 E - 6 potions of attraction
 G - 2 potions of resistance
 P - 5 potions of mutation
Miscellaneous
 h - a box of beasts (inert)
 S - a phantom mirror


   Skills:
 - Level 20.7(22.5) Fighting
 - Level 8.0(10.2) Long Blades
 - Level 20.3(23.1) Dodging
 - Level 6.0(9.1) Stealth
 - Level 11.8(16.0) Shields
 - Level 18.7(20.6) Spellcasting
 - Level 16.9(20.9) Conjurations
 * Level 21.5(25.3) Hexes
 - Level 16.4(18.4) Summonings
 - Level 4.3(6.3) Necromancy
 - Level 8.8(11.0) Transmutations
 - Level 5.9(9.0) Ice Magic
 - Level 6.3(9.5) Air Magic
 - Level 17.5(20.5) Earth Magic
 - Level 9.7(12.9) Evocations


You had 3 spell levels left.
You knew the following spells:

 Your Spells              Type           Power      Damage    Failure   Level
a - Stone Arrow           Conj/Erth      100%       3d13      0%          3
b - Iskenderun's Mystic   Conj/Tloc      52%        2d11      1%          4
c - Sandblast             Erth           100%       2d20      0%          1
d - Discord               Hex            40%        N/A       1%          8
f - Freezing Cloud        Conj/Ice/Air   29%        6-21      1%          5
i - Iron Shot             Conj/Erth      36%        9d7       0%          6
v - Borgnjor's Vile Clut  Necr/Erth      29%        N/A       1%          5
y - Yara's Violent Unrav  Hex/Tmut       34%        3d14      0%          5
z - Apportation           Tloc           38%        N/A       1%          1
A - Ozocubu's Armour      Ice            48%        N/A       1%          3
C - Summon Cactus Giant   Summ           34%        N/A       1%          6
I - Irradiate             Conj/Tmut      31%        3d22      1%          5
P - Passwall              Tmut/Erth      52%        N/A       0%          2
R - Swiftness             Air            49%        N/A       1%          3
S - Spellforged Servitor  Conj/Summ      35%        N/A       1%          7

Your spell library contained the following spells:

 Spells                   Type           Power      Damage    Failure   Level
 Foxfire                  Conj/Fire      100%       2x1d9     0%          1
 Kiss of Death            Conj/Necr      100%       2d13      0%          1
 Shock                    Conj/Air       100%       1d9       0%          1
 Summon Small Mammal      Summ           100%       N/A       0%          1
 Ensorcelled Hibernation  Hex/Ice        100%       N/A       0%          2
 Call Canine Familiar     Summ           68%        N/A       0%          3
 Dazzling Flash           Conj/Hex       100%       N/A       0%          3
 Hailstorm                Conj/Ice       62%        3d13      0%          3
 Inner Flame              Hex/Fire       57%        N/A       0%          3
 Summon Guardian Golem    Hex/Summ       74%        N/A       0%          3
 Tukima's Dance           Hex            80%        N/A       0%          3
 Necrotise                Necr           100%       1d9       1%          1
 Cigotuvi's Dreadful Rot  Necr/Pois/Air  70%        N/A       1%          2
 Scorch                   Fire           36%        2d7       1%          2
 Ignite Poison            Fire/Tmut/Pois 30%        N/A       1%          3
 Spider Form              Tmut/Pois      36%        N/A       1%          3
 Vampiric Draining        Necr           38%        2d8       1%          3
 Vhi's Electric Charge    Tloc/Air       68%        N/A       1%          3
 Volatile Blastmotes      Fire/Tloc      38%        2d13      3%          3
 Anguish                  Hex/Necr       31%        N/A       0%          4
 Animate Armour           Summ/Erth      100%       N/A       0%          4
 Petrify                  Tmut/Erth      63%        N/A       0%          4
 Metabolic Englaciation   Hex/Ice        33%        N/A       0%          5
 Summon Mana Viper        Hex/Summ       74%        N/A       0%          5
 Airstrike                Air            24%        2d(4-20)  1%          4
 Animate Dead             Necr           38%        N/A       1%          4
 Flame Wave               Conj/Fire      52%        2d13      1%          4
 Ice Form                 Ice/Tmut       50%        N/A       1%          4
 Sticky Flame             Conj/Fire      52%        2d7       1%          4
 Arcjolt                  Conj/Air       31%        1d41      1%          5
 Blade Hands              Tmut           26%        N/A       1%          5
 Fireball                 Conj/Fire      26%        3d12      1%          5
 Summon Forest            Summ/Tloc      24%        N/A       1%          5
 Conjure Ball Lightning   Conj/Air       31%        3x3d10    1%          6
 Orb of Destruction       Conj           36%        9d11      1%          7
 Lehudib's Crystal Spear  Conj/Erth      36%        10d9      1%          8
 Agony                    Necr           38%        N/A       2%          5
 Starburst                Conj/Fire      26%        6d8       2%          6
 Alistair's Intoxication  Tmut/Pois      24%        N/A       3%          5
 Simulacrum               Ice/Necr       21%        N/A       11%         6
 Passage of Golubria      Tloc           19%        N/A       13%         4
 Dragon Form              Tmut           26%        N/A       16%         7
 Death Channel            Necr           19%        N/A       19%         6
 Eringya's Noxious Bog    Tmut/Pois      18%        N/A       26%         6
 Plasma Beam              Fire/Air       17%        2x1d31    34%         6
 Ozocubu's Refrigeration  Ice            24%        4d12      34%         7
 Disjunction              Tloc           9%         N/A       100%        8
 Ignition                 Fire           9%         3d5       100%        8
 Infestation              Necr           19%        N/A       100%        8
 Fire Storm               Conj/Fire      26%        8d7       100%        9


Dungeon Overview and Level Annotations

Branches:
Dungeon (15/15)            Temple (1/1) D:5            Lair (5/5) D:10
  Swamp (4/4) Lair:3        Snake (4/4) Lair:3        Slime (0/5) Lair:4
    Orc (2/2) D:10            Elf (3/3) Orc:2        Vaults (4/5) D:14
 Depths (4/4) D:15            Zot (5/5) Depths:4     Bailey (visited)
  IceCv (visited)
  Crypt: Vaults:2-3

Altars:
Ashenzari
Cheibriados
Dithmenos
Elyvilon
Fedhas
Gozag
Hepliaklqana
Kikubaaqudgha
Nemelex Xobeh
Okawaru
Qazlal
Ru
Sif Muna
Trog
Uskayaw
Vehumet
Wu Jian
Xom
Yredelemnul
Zin
The Shining One
Jiyva

Shops:
D:9 *   D:10 :   Orc:2 *:[(*   Snake:2 !*[   Snake:3 (   Depths:2 (

Portals:
Hell: Depths:2
Abyss: Depths:1
Pandemonium: Depths:1

Annotations:
D:9 Erolcha
Lair:3 exclusions: downstairs and oklob plant
Lair:4 1 runed translucent door
Swamp:1 Roxanne
Snake:4 Yvveivid's ghost, adept DEVM
Vaults:3 exclusion: upstairs
Depths:3 Parghit


Innate Abilities, Weirdness & Mutations

You passively map a large area around you.
You are easily found by Zot.
You glow in the dark.
You regain HP and MP as you explore.
You are partially covered in iridescent scales. (AC +2)
Armour fits poorly on your strangely shaped body.
You are somewhat resistant to further mutation.
Your muscles are strong. (Str +4, Int/Dex -1)
Your spells are easier to cast, but less powerful.
You occasionally lose the ability to read scrolls when taking damage.


Message History

You block the black bear's attack. You block the orc's attack.
The ice beast completely misses you. The adder completely misses you.
You continue meditating on the rock.
You block the adder's attack. The orc completely misses you.
The black bear completely misses you.
The black bear claws you but does no damage.
The black bear completely misses you. You block the orc's attack.
The orc wizard casts a spell.
The orc wizard flickers and vanishes for a moment.
The ice beast misses you.
You finish merging with the rock.
There is a stone staircase leading up here.
You climb upwards.
There is a stone staircase leading down here.
(D) Dungeon (T) Temple (L) Lair (S) Swamp (P) Snake Pit (M) Slime Pits (O) Orcish Mines (E) Elven Halls (V) Vaults (U) Depths (H) Hell (Z) Zot
Where to? (Enter - D:1 @ (x,y), ? - help)
What level of the Dungeon? (default 1, ? - help) HP restored.
There is a stone staircase leading up here.
You climb upwards.
There is a stone staircase leading down here.
You see here a +0 flail.
You see here a +0 club.
There is a stone staircase leading up here.
You climb upwards.
There is a stone staircase leading down here.
Things that are here:
a +0 short sword; an orc skeleton
There is a stone staircase leading up here.
You climb upwards.
There is a stone staircase leading down here.
There is a stone staircase leading up here.
You climb upwards.
There is a stone staircase leading down here.
Found an escape hatch in the floor.
You sense a monster nearby.
There is a staircase leading out of the dungeon here.
You have escaped!

....# #.#,,,#.#,,, .#..####..##
....# #.#####.#####.#..# #...##
##### ,#......>......#..# ##....#
###.#######.###..###...... #.#,
,, #.#......(...... #..###.###
###.###...........
#####..#..>..#.#..>..#.#.........
.......#.###.#.#.###.#...........
.......#.#.#.#.#@#.#.#.##........
#....#.###.###.###.###.##........
....##.(....{....................
.........###.........####........
......†.####.#^......####........
..).....#.......#####............
........#.......##....###........
....#####..........#### #.......)
....# #.......#### ##.......


There were no monsters in sight!

Vanquished Creatures
  A dread lich (Zot:5)
  3 orbs of fire
  An ancient lich (Vaults:2)
  3 Killer Klowns (Zot:5)
  the Lernaean hydra (Swamp:4)
  A curse toe (Zot:3)
  Nikola (Vaults:1)
  5 bone dragons (Abyss:3)
  A profane servitor (Abyss:3)
  2 tentacled monstrosities
  Rupert (Snake:1)
  18 Orb Guardians (Zot:5)
  4 liches
  A deep elf master archer (Elf:3)
  2 quicksilver dragons
  A walking earthen tome (Depths:3)
  An Executioner (Depths:4)
  33 tentacled starspawn
  7 death cobs
  3 sphinxes
  A thorn hunter (D:14)
  Donald (Swamp:3)
  A tengu reaver (Vaults:4)
  A shadow dragon (Zot:3)
  A daeva (Abyss:3)
  4 storm dragons
  2 draconian knights
  8 deep elf sorcerers
  7 nagarajas (Snake:4)
  5 fire giants
  Aizul (Swamp:4)
  3 frost giants
  A draconian shifter (Zot:2)
  3 balrugs (Abyss:3)
  4 vault wardens
  8 ironbound preservers
  2 ghost moths
  2 angels
  2 cacodemons
  A draconian stormcaller (Depths:4)
  2 reapers
  9 deep elf elementalists
  11 very ugly things
  2 ironbound thunderhulks
  5 stone giants
  4 eleionomae
  A vampire knight (Depths:1)
  A war gargoyle (Vaults:4)
  4 green draconians
  5 lorocyprocas
  4 deep elf demonologists (Elf:3)
  2 yellow draconians
  Azrael (Elf:2)
  A black draconian (Abyss:3)
  11 spark wasps
  8 dire elephants
  4 bunyips
  7 deep elf annihilators
  A blizzard demon (Depths:1)
  A white draconian (Zot:2)
  A crystal guardian (Abyss:3)
  Snorg (Orc:2)
  2 deep elf death magi (Elf:3)
  A merfolk javelineer (Abyss:3)
  A green death (Abyss:3)
  5 ettins
  4 deep elf high priests
  2 shambling mangroves
  7 fire dragons
  6 great orbs of eyes
  2 entropy weavers
  6 yaktaur captains
  7 rakshasas
  A spriggan zombie (Depths:1)
  A caustic shrike simulacrum (Depths:1)
  3 ghost crabs
  A hell beast (Depths:4)
  An ice dragon (shapeshifter) (Abyss:3)
  23 hydras
  7 vault guards
  6 ice dragons
  3 spriggan air magi
  A death knight (Abyss:3)
  A peacekeeper (Vaults:4)
  8 naga warriors
  8 anacondas
  3 deep troll shamans (Depths:2)
  3 boulder beetles
  2 two-headed ogres
  2 orc high priests
  4 deep troll earth magi
  A hell hog (Abyss:3)
  5 centaur warriors
  2 vampire magi (Abyss:3)
  9 dancing weapons
  3 tengu warriors
  31 thrashing horrors
  5 naga sharpshooters
  5 shock serpents
  2 spriggan berserkers
  9 hell knights
  8 deep elf knights
  3 sixfirhies (Abyss:3)
  A soul eater (Abyss:3)
  5 sun demons
  2 skysharks (Lair:5)
  3 shadow wraiths (Abyss:3)
  21 wretched stars
  A salamander mystic (Snake:3)
  A titan skeleton (Vaults:4)
  3 spatial maelstroms (Abyss:3)
  10 spriggans
  44 deep trolls
  6 goliath frogs
  4 iron trolls
  9 deep elf archers
  5 glowing orange brains
  3 sea snakes (Snake:4)
  3 death drakes
  A shadow demon (Abyss:3)
  9 swamp dragons
  4 bog bodies
  3 spriggan druids
  6 orc knights
  3 ironbound convokers
  5 naga ritualists
  7 wizards
  15 deep elf pyromancers
  6 orc sorcerers
  25 ugly things
  12 deep elf zephyrmancers
  7 necromancers
  10 mana vipers
  A wolf spider (D:15)
  A stone giant zombie (Abyss:2)
  2 tengu skeletons (Vaults:4)
  A human zombie (Vaults:4)
  2 cyclopes
  2 will-o-the-wisps
  A stone giant skeleton (Vaults:4)
  7 salamanders
  3 worldbinders
  14 moths of wrath
  2 ice statues (Elf:3)
  A demonic crawler (Abyss:3)
  7 apocalypse crabs
  A shining eye (Abyss:3)
  2 guardian serpents (shapeshifter) (Abyss:3)
  A rust devil (Abyss:3)
  30 black mambas
  4 elephants
  A fire giant skeleton (Depths:1)
  6 guardian serpents
  10 naga magi
  9 vault sentinels
  An elephant (shapeshifter) (Elf:1)
  2 torpor snails
  8 smoke demons (Abyss:3)
  A gargoyle (D:11)
  5 cane toads
  3 orange demons (Abyss:3)
  A hellion (Abyss:3)
  An anaconda simulacrum (IceCv)
  3 efreet (Abyss:3)
  3 rime drakes
  A yaktaur (shapeshifter) (Depths:4)
  A kobold demonologist (Abyss:3)
  8 unseen horrors (Abyss:3)
  2 freezing wraiths
  4 komodo dragons
  3 tengu conjurers
  11 yaktaurs
  4 hellwings
  19 ancient zymes
  3 trolls
  10 tyrant leeches
  A tarantella (Vaults:4)
  11 hornets
  A bloated husk (Swamp:3)
  4 dream sheep (Lair:4)
  A harpy skeleton (Abyss:1)
  5 blink frogs
  32 raiju
  A fire giant simulacrum (Depths:1)
  24 slime creatures
  A culicivora (shapeshifter) (Abyss:3)
  3 air elementals
  A flying skull (Abyss:3)
  5 wraiths
  A dire elephant simulacrum (IceCv)
  28 starcursed masses
  7 wyverns
  An ettin skeleton (Abyss:3)
  A shadow (D:10)
  39 yaks
  A basilisk (Lair:3)
  3 fire bats (Abyss:3)
  8 fire elementals
  A golden eye (shapeshifter) (Elf:1)
  14 ynoxinuls (Abyss:3)
  50 large abominations (Abyss:3)
  2 water elementals
  2 golden eyes (Abyss:3)
  2 humans (D:10)
  8 chaos spawn
  2 redbacks
  2 steam dragons
  4 neqoxecs (Abyss:3)
  15 vampire mosquitoes
  A harpy simulacrum (IceCv)
  14 swamp worms
  29 nagas
  2 acid dragons
  8 wargs
  A floating eye (shapeshifter) (Depths:2)
  11 water moccasins
  2 hydra simulacra (IceCv)
  A black bear (D:5)
  2 hell hounds (Elf:2)
  12 swamp drakes
  2 sky beasts
  7 ogres
  27 orc warriors
  15 wolves
  A wolf (shapeshifter) (Zot:4)
  8 centaurs
  A phantom (D:6)
  A kobold brigand (D:7)
  4 bullfrogs
  4 earth elementals
  Blork the orc (Orc:2)
  2 gnoll sergeants
  A scorpion (D:5)
  A glowing shapeshifter simulacrum (Depths:1)
  4 wights
  29 small abominations
  9 killer bees (D:9)
  4 howler monkeys
  2 electric eels
  A lava snake (Lair:4)
  6 quasits (Abyss:3)
  19 orc priests
  A gnoll bouda (D:3)
  5 hounds (D:10)
  3 jellies
  3 iron imps (Abyss:3)
  A sleepcap (D:5)
  31 orc wizards
  An iguana (Lair:3)
  11 gnolls
  5 adders
  A shadow imp (D:5)
  2 white imps (Abyss:3)
  9 ufetubi
  71 orcs
  4 ball pythons
  5 bats
  6 endoplasms
  A giant cockroach (D:3)
  11 goblins
  5 hobgoblins
  2 quokkas
  4 kobolds
  A rat (D:2)
  2 lurking horrors (Abyss:3)
  25 starspawn tentacles
1597 creatures vanquished.

Vanquished Creatures (collateral kills)
  3 orbs of fire (Zot:5)
  An ancient lich (Abyss:3)
  4 Killer Klowns
  Saint Roka (Orc:2)
  Vashnia (Snake:2)
  A curse toe (Zot:5)
  4 golden dragons
  An electric golem (Zot:5)
  2 bone dragons
  2 doom hounds (Zot:2)
  3 tentacled monstrosities
  5 Orb Guardians (Zot:5)
  2 quicksilver dragons
  Grunn (Zot:2)
  A deep elf blademaster (Elf:3)
  5 tentacled starspawn (Abyss:3)
  2 shadow dragons
  5 death cobs
  A tengu reaver (Depths:4)
  5 storm dragons
  A fire giant (Depths:3)
  A rockslime (Zot:5)
  A draconian monk (Zot:2)
  A draconian knight (Zot:2)
  3 vault wardens (Vaults:2)
  A draconian scorcher (Zot:2)
  2 draconian shifters (Zot:2)
  2 draconian annihilators
  2 draconian stormcallers
  2 stone giants
  A very ugly thing (Abyss:3)
  4 vampire knights
  6 black draconians
  A red draconian (Zot:4)
  2 white draconians (Zot:2)
  7 green draconians
  A spark wasp (Depths:3)
  2 yellow draconians
  3 eidola (Abyss:3)
  2 deep elf annihilators (Elf:3)
  A purple draconian (Zot:4)
  A blizzard demon (Abyss:3)
  3 fire dragons
  A deep elf high priest (Elf:3)
  2 ettins (Depths:2)
  An ice dragon (Depths:2)
  A juggernaut simulacrum (Depths:1)
  A caustic shrike simulacrum (IceCv)
  A deep troll shaman (Depths:3)
  A naga warrior (Abyss:3)
  A vampire mage (Depths:1)
  8 thrashing horrors (Abyss:3)
  3 wretched stars (Abyss:3)
  2 tengu warriors (Depths:3)
  A sun demon (Abyss:3)
  A deep elf knight (Elf:1)
  A naga sharpshooter (Snake:2)
  6 hell knights
  A sixfirhy (D:11)
  A death drake (Zot:3)
  2 golden dragon zombies (Depths:1)
  2 phantasmal warriors (Depths:3)
  5 deep trolls
  An orb spider (Abyss:3)
  11 starcursed masses (Abyss:3)
  14 large abominations
  A deep elf pyromancer (Elf:1)
  A golden dragon skeleton (Depths:1)
  3 necromancers
  An orc sorcerer (Orc:2)
  A frost giant zombie (Depths:1)
  4 moths of wrath
  A will-o-the-wisp (Abyss:3)
  A shining eye (Abyss:3)
  A worldbinder (Abyss:3)
  An apocalypse crab (Abyss:3)
  2 vault sentinels (Vaults:2)
  4 smoke demons (Abyss:3)
  A demonic crawler (D:15)
  A komodo dragon (Lair:3)
  4 yaktaurs (Vaults:2)
  An anaconda simulacrum (IceCv)
  3 ancient zymes (Abyss:3)
  2 blink frogs (Abyss:3)
  An ettin zombie (Abyss:3)
  12 raiju (Abyss:3)
  A jumping spider (shapeshifter) (D:15)
  A wraith (Abyss:3)
  A shadow (Abyss:3)
  3 ynoxinuls (Abyss:3)
  5 neqoxecs (Abyss:3)
  2 chaos spawn (Abyss:3)
  2 spatial vortices (Abyss:3)
  A naga zombie (Abyss:3)
  A harpy simulacrum (IceCv)
  A glowing shapeshifter zombie (Depths:1)
  A naga (Abyss:3)
  A water moccasin (Lair:3)
  8 small abominations (Abyss:3)
  An orc warrior (Orc:2)
  3 iron imps (Abyss:3)
  2 ufetubi (Abyss:3)
  An orc (Orc:2)
  A lurking horror (Abyss:3)
  6 starspawn tentacles (Abyss:3)
256 creatures vanquished.

Vanquished Creatures (others)
  An Executioner (Abyss:3)
  2 draconian monks
  A draconian knight (Zot:5)
  A draconian scorcher (Zot:4)
  A green draconian (Zot:4)
  A yellow draconian (Zot:4)
  A white draconian (Zot:2)
  A red draconian (Depths:4)
  A large abomination (Abyss:3)
  A moth of wrath (Zot:2)
  2 unseen horrors (Abyss:3)
  An ancient zyme (Abyss:3)
  A bloated husk (Swamp:4)
  A hell hound (Elf:2)
  A small abomination (Abyss:3)
  16 foxfires
  A lurking horror (Abyss:3)
  63 starspawn tentacles
97 creatures vanquished.

Grand Total: 1950 creatures vanquished

Notes
Turn   | Place    | Note
-------+----------+-------------------------------------------
     0 | D:1      | SuperSeabass the Meteoran Earth Elementalist began the
                  | quest for the Orb.
     0 | D:1      | Reached XP level 1. HP: 14/14 MP: 5/5
    67 | D:1      | Reached XP level 2. HP: 17/20 MP: 6/6
    94 | D:2      | Found a faded altar of an unknown god.
   110 | D:2      | Learned a level 2 spell: Passwall
   231 | D:1      | Reached XP level 3. HP: 26/26 MP: 8/8
   235 | D:1      | Learned a level 3 spell: Stone Arrow
   319 | D:3      | Reached skill level 5 in Earth Magic
   322 | D:3      | Reached skill level 1 in Conjurations
   326 | D:3      | Reached XP level 4. HP: 22/33 MP: 9/9
   649 | D:4      | Reached XP level 5. HP: 38/38 MP: 10/10
   710 | D:3      | Reached XP level 6. HP: 45/45 MP: 11/11
   793 | D:5      | Entered Level 5 of the Dungeon
   828 | D:5      | Found a staircase to the Ecumenical Temple.
   841 | Temple   | Entered the Ecumenical Temple
  1015 | Temple   | Became a worshipper of Ashenzari the Shackled
  1075 | D:4      | Noticed a black bear
  1150 | D:5      | Reached XP level 7. HP: 50/50 MP: 12/12
  1394 | D:5      | Reached XP level 8. HP: 15/57 MP: 10/15
  1486 | D:6      | Found a stormy altar of Qazlal.
  1501 | D:6      | Reached skill level 5 in Conjurations
  1531 | D:6      | Reached skill level 5 in Spellcasting
  1623 | D:7      | Gained mutation: You passively map the area around you.
                  | [Meteoran growth]
  1623 | D:7      | Reached XP level 9. HP: 48/62 MP: 15/18
  1858 | D:8      | Reached skill level 10 in Earth Magic
  1900 | D:8      | Reached skill level 1 in Fighting
  1914 | D:8      | Reached * piety under Ashenzari
  2017 | D:9      | Reached XP level 10. HP: 66/73 MP: 21/22
  2082 | D:9      | Found a bloodstained altar of Trog.
  2104 | D:9      | Found Paplih's Practical Paraphernalia.
  2155 | D:9      | Noticed Erolcha
  2213 | D:8      | Reached skill level 5 in Dodging
  2247 | D:10     | Entered Level 10 of the Dungeon
  2251 | D:10     | Noticed a centaur warrior
  2262 | D:10     | Killed a centaur warrior
  2276 | D:10     | Reached XP level 11. HP: 66/85 MP: 12/24
  2348 | D:10     | Reached skill level 5 in Fighting
  2379 | D:10     | Reached ** piety under Ashenzari
  2380 | D:10     | Found a flagged portal.
  2387 | Bailey   | Entered a bailey
  2432 | D:10     | Found a blossoming altar of Fedhas.
  2461 | D:10     | Found a staircase to the Lair.
  2533 | D:10     | Found Rustywky's Book Boutique.
  2548 | D:10     | Bought a book of Cantrips for 168 gold pieces
  2550 | D:10     | Learned a level 1 spell: Apportation
  2550 | D:10     | Found a staircase to the Orcish Mines.
  2594 | Lair:1   | Entered Level 1 of the Lair of Beasts
  2677 | Lair:1   | Identified the ring "Qegytueh" {rN+ Str+2 Dex-3 SInv}
  2737 | Lair:1   | Reached skill level 5 in Stealth
  2743 | Lair:1   | Reached skill level 10 in Spellcasting
  2814 | Lair:2   | Reached XP level 12. HP: 97/97 MP: 24/27
  3060 | Lair:3   | Noticed a six-headed hydra
  3066 | Lair:3   | Killed a six-headed hydra
  3067 | Lair:3   | Reached skill level 1 in Evocations
  3126 | Lair:3   | Found a staircase to the Snake Pit.
  3159 | Lair:3   | Found a staircase to the Swamp.
  3187 | Lair:3   | Noticed a dire elephant
  3282 | Lair:2   | Reached skill level 10 in Dodging
  3369 | Lair:4   | Identified the +0 long sword "Jufob" {flame, rPois rF+}
  3403 | Lair:5   | Entered Level 5 of the Lair of Beasts
  3530 | Lair:5   | Noticed a boulder beetle
  3536 | Lair:5   | Killed a boulder beetle
  3537 | Lair:5   | Reached skill level 5 in Evocations
  3537 | Lair:5   | Reached XP level 13. HP: 111/111 MP: 27/28
  3750 | Lair:5   | Reached *** piety under Ashenzari
  3789 | Lair:5   | Learned a level 4 spell: Petrify
  3873 | Lair:4   | Reached skill level 10 in Fighting
  3888 | Lair:4   | Found a runed translucent door.
  3888 | Lair:4   | Found a viscous altar of Jiyva.
  3888 | Lair:4   | Noticed an acid blob
  3888 | Lair:4   | Noticed an acid blob
  3889 | Lair:4   | Found a staircase to the Slime Pits.
  4221 | D:10     | Learned a level 5 spell: Yara's Violent Unravelling
  4252 | D:11     | Noticed a boulder beetle
  4263 | D:11     | Killed a boulder beetle
  4264 | D:11     | Reached skill level 5 in Transmutations
  4358 | D:11     | Reached **** piety under Ashenzari
  4494 | D:11     | Reached skill level 10 in Conjurations
  4517 | D:11     | Noticed a two-headed ogre
  4523 | D:11     | Reached skill level 1 in Hexes
  4531 | D:11     | Killed a two-headed ogre
  4532 | D:11     | Reached skill level 1 in Summonings
  4619 | D:13     | Learned a level 5 spell: Irradiate
  4646 | D:13     | Reached XP level 14. HP: 104/124 MP: 17/29
  4704 | D:14     | Found a shimmering blue altar of Sif Muna.
  4867 | D:13     | Reached skill level 2 in Hexes
  4952 | D:14     | Reached ***** piety under Ashenzari
  5063 | D:15     | Entered Level 15 of the Dungeon
  5187 | D:15     | Reached skill level 1 in Ice Magic
  5187 | D:15     | Reached skill level 1 in Air Magic
  5289 | D:14     | Reached skill level 3 in Hexes
  5623 | D:15     | Reached skill level 4 in Hexes
  6077 | D:10     | Bought a Trismegistus Codex for 364 gold pieces
  6083 | D:10     | Learned a level 5 spell: Freezing Cloud
  6087 | D:10     | Learned a level 3 spell: Swiftness
  6094 | Orc:1    | Entered Level 1 of the Orcish Mines
  6115 | Orc:1    | Paralysed by an orc sorcerer for 2 turns
  6162 | Orc:1    | Reached XP level 15. HP: 120/132 MP: 29/30
  6165 | Orc:1    | Reached skill level 5 in Hexes
  6257 | Orc:2    | Entered Level 2 of the Orcish Mines
  6374 | Orc:2    | Found Uralepo's General Store.
  6385 | Orc:2    | Noticed Snorg
  6392 | Orc:2    | Killed Snorg
  6445 | Orc:2    | Reached skill level 5 in Summonings
  6623 | Orc:2    | Noticed Saint Roka
  6940 | Snake:1  | Entered Level 1 of the Snake Pit
  6951 | Snake:1  | Learned a level 6 spell: Iron Shot
  6969 | Snake:1  | Found a runed translucent door.
  7002 | Snake:1  | Reached skill level 5 in Air Magic
  7145 | Snake:2  | Noticed Vashnia
  7157 | Snake:2  | Killed Vashnia
  7203 | Snake:2  | Reached skill level 6 in Hexes
  7285 | Snake:2  | Reached skill level 5 in Ice Magic
  7367 | Snake:2  | Found Zoshitya's Distillery.
  7371 | Snake:2  | Found Ylaniwar's General Store.
  7372 | Snake:2  | Found Ikayfriw's Armour Shoppe.
  7383 | Snake:2  | Bought a potion of heal wounds for 65 gold pieces
  7383 | Snake:2  | Bought a potion of resistance for 130 gold pieces
  7646 | Snake:2  | Learned a level 3 spell: Ozocubu's Armour
  7698 | Snake:3  | Reached XP level 16. HP: 110/141 MP: 13/31
  7893 | Snake:4  | Entered Level 4 of the Snake Pit
  7954 | Snake:4  | Noticed a nagaraja
  7959 | Snake:4  | Noticed Yvveivid's ghost (adept DEVM)
  7966 | Snake:4  | Killed a nagaraja
  8033 | Snake:4  | Noticed a nagaraja
  8041 | Snake:4  | Killed a nagaraja
  8120 | Snake:4  | Noticed a nagaraja
  8130 | Snake:4  | Killed a nagaraja
  8144 | Snake:4  | Noticed a nagaraja
  8154 | Snake:4  | Killed a nagaraja
  8176 | Snake:4  | Noticed a nagaraja
  8189 | Snake:4  | Killed a nagaraja
  8199 | Snake:4  | Noticed a nagaraja
  8209 | Snake:4  | Killed a nagaraja
  8370 | Snake:4  | Noticed a nagaraja
  8376 | Snake:4  | Killed a nagaraja
  8403 | Snake:4  | Got a serpentine rune of Zot
  8559 | Snake:3  | Found Ussuf's Weapon Boutique.
  8564 | Snake:3  | Identified Natup's Handbook of the Cemetery
  8583 | Snake:3  | Reached XP level 17. HP: 121/149 MP: 16/33
  8958 | Snake:1  | Identified the +1 pair of boots of the Villain {rElec
                  | Stlth+}
  9115 | Snake:1  | Learned a level 5 spell: Borgnjor's Vile Clutch
  9152 | Snake:1  | Noticed Rupert
  9165 | Snake:1  | Killed Rupert
  9197 | Snake:1  | Glimpsed the power of Zot.
  9253 | Swamp:1  | Entered Level 1 of the Swamp
  9258 | Swamp:1  | Reached skill level 1 in Necromancy
  9310 | Swamp:1  | Identified the +4 shortbow of Ogom {drain, rElec rC+ rN+}
  9480 | Swamp:4  | Entered Level 4 of the Swamp
  9510 | Swamp:3  | Noticed Donald
  9519 | Swamp:3  | Killed Donald
  9531 | Swamp:4  | Reached skill level 15 in Dodging
  9704 | Swamp:4  | Gained mutation: You passively map a large area around you.
                  | [Meteoran growth]
  9704 | Swamp:4  | Reached XP level 18. HP: 159/159 MP: 25/35
  9832 | Swamp:3  | Noticed Aizul
  9985 | Swamp:4  | Killed Aizul
 10216 | Swamp:4  | Noticed the 27-headed Lernaean hydra
 10219 | Swamp:4  | Killed the 27-headed Lernaean hydra
 10278 | Swamp:4  | Reached skill level 10 in Summonings
 10446 | Swamp:4  | Got a decaying rune of Zot
 10812 | Swamp:1  | Noticed a thorn hunter
 10828 | Swamp:1  | Noticed Roxanne
 11321 | D:14     | Found a gate to the Vaults.
 11334 | Vaults:1 | Entered Level 1 of the Vaults
 11349 | Vaults:1 | Reached skill level 1 in Shields
 11457 | Vaults:2 | Noticed a sphinx
 11458 | Vaults:2 | Reached XP level 19. HP: 174/174 MP: 35/39
 11634 | Vaults:2 | Noticed an ancient lich
 11641 | Vaults:2 | Killed an ancient lich
 12053 | Vaults:3 | Reached skill level 15 in Fighting
 12215 | Vaults:3 | Reached skill level 5 in Shields
 12415 | Vaults:4 | Reached XP level 20. HP: 184/184 MP: 8/41
 12747 | Vaults:4 | Learned a level 7 spell: Spellforged Servitor
 12833 | Vaults:4 | Reached skill level 15 in Conjurations
 13477 | Vaults:1 | Noticed Nikola
 13482 | Vaults:1 | Killed Nikola
 13586 | Vaults:1 | Learned a level 6 spell: Summon Cactus Giant
 13759 | Orc:2    | Found a staircase to the Elven Halls.
 13774 | Elf:1    | Entered Level 1 of the Elven Halls
 13857 | Elf:1    | Reached skill level 15 in Spellcasting
 14013 | Elf:2    | Found the +13 scythe of Curses {drain, curses, Drain}
 14038 | Elf:2    | Reached XP level 21. HP: 195/195 MP: 41/44
 14126 | Elf:2    | Found a crumbling gateway.
 14128 | Elf:2    | Noticed Azrael
 14146 | Elf:2    | Killed Azrael
 14221 | Elf:2    | Reached skill level 15 in Earth Magic
 14242 | Elf:3    | Entered Level 3 of the Elven Halls
 14329 | Elf:3    | Found a frozen archway.
 14358 | IceCv    | Entered an ice cave
 14377 | IceCv    | Found a transporter.
 14382 | IceCv    | Identified the +2 rapier "Rugusemp" {heavy, *Rage +Blink
                  | rElec rF+ Dex+2}
 14388 | IceCv    | Found a transporter.
 14634 | Elf:3    | Found Qesaxe's Weapon Shoppe.
 15086 | Elf:3    | Identified the orb of the Orb {*channel, Rampage rF++
                  | Will-}
 15305 | Elf:3    | Noticed a Brimstone Fiend
 15355 | Elf:3    | Identified the +1 buckler "Kiwaez" {rElec Will+ Str+4}
 15400 | Elf:3    | Found the +3 pair of mountain boots {steadfast, rC+}
 15401 | Elf:3    | Identified the Grimoire of Sandy Hyperthermia
 15402 | Elf:3    | Identified the staff of fire "Sethra" {rF+ rC+ rCorr Str+3
                  | Stlth-}
 15438 | Elf:3    | Identified the +5 kite shield of Hopscotch {rElec Str-2
                  | SInv}
 15439 | Elf:3    | Identified Uticoylyutt's Exposition on the Volcano
 15536 | Elf:1    | Glimpsed the power of Zot.
 15619 | Orc:2    | Noticed Blork the orc
 15625 | Orc:2    | Killed Blork the orc
 15629 | Orc:2    | Killed Saint Roka
 15669 | Orc:2    | Found Zumilesm's Antique Weapon Shoppe.
 15683 | Orc:2    | Bought a masterwork rapier for 243 gold pieces
 15683 | Orc:2    | Identified the +7 rapier of Yptuoliq {spect, rC+ rCorr
                  | Stlth-} (You bought it in a shop on level 2 of the Orcish
                  | Mines)
 15693 | Orc:2    | Found Quifemo's Book Shoppe.
 15710 | Orc:2    | Found Webohup's General Store.
 15717 | Orc:2    | Bought a potion of curing for 54 gold pieces
 15726 | Orc:2    | Found Qammad's Antique Armour Shoppe.
 15733 | Orc:2    | Bought a spiked orb for 462 gold pieces
 15733 | Orc:2    | Identified the orb "Toiragae" {light, rC++} (You bought it
                  | in a shop on level 2 of the Orcish Mines)
 15750 | Orc:2    | Bought a book of the Wilderness for 494 gold pieces
 15767 | Orc:2    | Bought a ring of protection from fire for 450 gold pieces
 15951 | D:15     | Found a staircase to the Depths.
 15960 | D:15     | Reached XP level 22. HP: 206/206 MP: 31/45
 15977 | Depths:1 | Entered Level 1 of the Depths
 16037 | Depths:1 | Found a glowing silver altar of Zin.
 16180 | Depths:1 | Found a one-way gate to the infinite horrors of the Abyss.
 16409 | Depths:2 | Found a gateway to Hell.
 16511 | Depths:1 | Found a one-way gate leading to the halls of Pandemonium.
 16913 | Depths:2 | Gained mutation: Armour fits poorly on your strangely
                  | shaped body. [a shining eye]
 16935 | Depths:2 | Identified the amulet of the Castellan {Acrobat Contam
                  | *Corrode +Inv rC++}
 16958 | Depths:1 | Voluntarily entered the Abyss.
 17108 | Abyss:1  | Reached skill level 10 in Shields
 17182 | Abyss:1  | Found a corrupted altar of Lugonu.
 17192 | Abyss:1  | Found a corrupted altar of Lugonu.
 17192 | Abyss:1  | Found a corrupted altar of Lugonu.
 17194 | Abyss:1  | Gained mutation: Your spells are a little easier to cast,
                  | but a little less powerful. [a cacodemon]
 17214 | Abyss:1  | Reached XP level 23. HP: 199/216 MP: 47/47
 17324 | Abyss:2  | Learned a level 4 spell: Iskenderun's Mystic Blast
 17357 | Abyss:3  | Found a corrupted altar of Lugonu.
 17362 | Abyss:3  | Found a corrupted altar of Lugonu.
 17383 | Abyss:3  | Found a corrupted altar of Lugonu.
 17386 | Abyss:3  | Found a corrupted altar of Lugonu.
 17388 | Abyss:3  | Found a corrupted altar of Lugonu.
 17388 | Abyss:3  | Found a corrupted altar of Lugonu.
 17477 | Abyss:3  | Found a corrupted altar of Lugonu.
 17709 | Abyss:3  | Paralysed by accursed screaming for 1 turns
 17858 | Abyss:3  | Found a corrupted altar of Lugonu.
 17893 | Abyss:3  | Noticed a bone dragon
 17900 | Abyss:3  | Killed a bone dragon
 18440 | Abyss:3  | Reached skill level 1 in Long Blades
 18643 | Abyss:3  | Gained mutation: Your spells are easier to cast, but less
                  | powerful. [a neqoxec]
 18677 | Abyss:3  | Gained mutation: You occasionally shout uncontrollably at
                  | your foes. [a neqoxec]
 18684 | Abyss:3  | Reached XP level 24. HP: 212/228 MP: 26/47
 18746 | Abyss:3  | Found a candlelit altar of Ignis.
 18875 | Abyss:3  | Reached skill level 15 in Summonings
 18958 | Abyss:3  | Got an abyssal rune of Zot
 19057 | Abyss:3  | Paralysed by an air elemental for 1 turns
 19060 | Abyss:3  | Paralysed by an air elemental for 1 turns
 19419 | Abyss:3  | Paralysed by accursed screaming for 1 turns
 19425 | Abyss:3  | Found a corrupted altar of Lugonu.
 19535 | Abyss:3  | Noticed a profane servitor
 19542 | Abyss:3  | Killed a profane servitor
 19686 | Abyss:3  | Reached skill level 5 in Long Blades
 19725 | Abyss:3  | Found a corrupted altar of Lugonu.
 19837 | Abyss:3  | Found a corrupted altar of Lugonu.
 19969 | Abyss:3  | Found a corrupted altar of Lugonu.
 20088 | Abyss:3  | Reached XP level 25. HP: 233/235 MP: 33/47
 20699 | Abyss:3  | Noticed an ancient lich
 20707 | Abyss:3  | Killed an ancient lich
 21470 | Abyss:3  | Paralysed by accursed screaming for 1 turns
 21474 | Abyss:3  | Paralysed by accursed screaming for 1 turns
 21491 | Abyss:3  | Found a corrupted altar of Lugonu.
 21514 | Abyss:3  | Found a corrupted altar of Lugonu.
 21587 | Abyss:3  | Reached XP level 26. HP: 245/246 MP: 21/48
 21619 | Depths:1 | Escaped the Abyss
 21662 | Depths:3 | Noticed Parghit
 21669 | Depths:4 | Entered Level 4 of the Depths
 21748 | Depths:4 | Reached skill level 7 in Hexes
 21878 | Depths:3 | Found an ornate altar of the Wu Jian Council.
 21903 | Depths:3 | Reached skill level 8 in Hexes
 21927 | Depths:3 | Reached skill level 9 in Hexes
 21957 | Depths:2 | Found Ytirroshiug's Weapon Emporium.
 22095 | Depths:3 | Identified the +6 war axe "Newtslayer" {freeze, Fly rPois}
 22122 | Depths:3 | Reached skill level 10 in Hexes
 22208 | Depths:3 | Reached skill level 11 in Hexes
 22282 | Depths:4 | Learned a level 8 spell: Discord
 22353 | Depths:4 | Found a gate to the Realm of Zot.
 22360 | Depths:4 | Reached skill level 12 in Hexes
 22529 | Zot:1    | Entered Level 1 of the Realm of Zot
 22577 | Zot:1    | Reached skill level 13 in Hexes
 22625 | Zot:2    | Noticed an orb of fire
 22630 | Zot:1    | Gained mutation: You occasionally lose the ability to drink
                  | potions when taking damage. [an orb of fire]
 22632 | Zot:1    | Gained mutation: You occasionally lose the ability to read
                  | scrolls when taking damage. [an orb of fire]
 22633 | Zot:1    | Gained mutation: You are partially covered in iridescent
                  | scales. (AC +2) [an orb of fire]
 22638 | Zot:1    | Killed an orb of fire
 22641 | Zot:1    | Lost mutation: You are partially covered in iridescent
                  | scales. (AC +2) [potion of mutation]
 22641 | Zot:1    | Lost mutation: You occasionally lose the ability to drink
                  | potions when taking damage. [potion of mutation]
 22641 | Zot:1    | Gained mutation: Your flesh is cold resistant. (rC+)
                  | [potion of mutation]
 22641 | Zot:1    | Gained mutation: Your muscles are strong. (Str +4, Int/Dex
                  | -1) [potion of mutation]
 22748 | Zot:1    | Noticed an orb of fire
 22755 | Zot:1    | Killed an orb of fire
 22756 | Zot:1    | Lost mutation: Your flesh is cold resistant. (rC+) [potion
                  | of mutation]
 22756 | Zot:1    | Lost mutation: You occasionally shout uncontrollably at
                  | your foes. [potion of mutation]
 22756 | Zot:1    | Gained mutation: You are somewhat resistant to further
                  | mutation. [potion of mutation]
 22756 | Zot:1    | Gained mutation: You are partially covered in iridescent
                  | scales. (AC +2) [potion of mutation]
 22799 | Zot:2    | Reached skill level 14 in Hexes
 22808 | Zot:2    | Reached XP level 27. HP: 243/256 MP: 32/48
 22946 | Zot:2    | Noticed Grunn
 22950 | Zot:2    | Killed Grunn
 23035 | Zot:2    | Noticed a curse toe
 23165 | Zot:3    | Noticed a curse toe
 23185 | Zot:3    | Killed a curse toe
 23268 | Zot:3    | Reached skill level 15 in Hexes
 23547 | Zot:4    | Noticed a Killer Klown
 23555 | Zot:3    | Reached skill level 16 in Hexes
 23632 | Zot:4    | Killed a Killer Klown
 23805 | Zot:5    | Entered Level 5 of the Realm of Zot
 23814 | Zot:5    | Reached skill level 17 in Hexes
 23821 | Zot:5    | Noticed a Killer Klown
 23831 | Zot:5    | Killed a Killer Klown
 23986 | Zot:5    | Noticed a dread lich
 23995 | Zot:5    | Killed a dread lich
 23996 | Zot:5    | Reached skill level 18 in Hexes
 24029 | Zot:5    | Noticed a Killer Klown
 24045 | Zot:5    | a Killer Klown changed into a rockslime
 24123 | Zot:5    | Noticed a Killer Klown
 24127 | Zot:5    | Noticed an orb of fire
 24127 | Zot:5    | Noticed a Killer Klown
 24133 | Zot:5    | Killed an orb of fire
 24134 | Zot:5    | Noticed an orb of fire
 24142 | Zot:5    | Killed a Killer Klown
 24143 | Zot:5    | Reached skill level 19 in Hexes
 24163 | Zot:5    | Noticed a Killer Klown
 24164 | Zot:5    | Noticed a Killer Klown
 24173 | Zot:5    | Killed a Killer Klown
 24175 | Zot:5    | Killed a Killer Klown
 24240 | Zot:5    | Noticed a curse toe
 24247 | Zot:5    | Killed a curse toe
 24252 | Zot:5    | Reached skill level 20 in Hexes
 24343 | Zot:5    | Noticed an orb of fire
 24344 | Zot:5    | Killed an orb of fire
 24350 | Zot:5    | Killed an orb of fire
 24363 | Zot:5    | Noticed an orb of fire
 24378 | Zot:5    | Killed an orb of fire
 24379 | Zot:5    | Reached skill level 21 in Hexes
 24476 | Zot:5    | Noticed a Killer Klown
 24522 | Zot:5    | Identified the cursed +1 cloak of Desmomancy {Comp, Bglg}
                  | (You found it on level 3 of the Lair of Beasts)
 24522 | Zot:5    | Identified the cursed +2 helmet "Circumscribed Together"
                  | {Int+3, Range, Evo} (You found it on level 3 of the Elven
                  | Halls)
 24522 | Zot:5    | Identified the cursed +0 pair of gloves "Share My Fetters"
                  | {Range, Fort} (You found it on level 5 of the Dungeon)
 24522 | Zot:5    | Identified the cursed +0 kite shield "Cursed Incredulity"
                  | {reflect, Evo, Melee} (You took it off Donald on level 3 of
                  | the Swamp)
 24522 | Zot:5    | Identified the cursed +2 robe of Supernal Understanding
                  | {rC+ rF+, Bglg, Fort} (You took it off an orc sorcerer on
                  | level 1 of the Orcish Mines)
 24522 | Zot:5    | Identified the cursed ring of the Sublime Seer {MP+9, Elem,
                  | Alch} (You found it on level 1 of the Dungeon)
 24522 | Zot:5    | Identified the cursed amulet of the Fated Foul Odours
                  | {Acrobat, Cun, Fort} (You found it on level 1 of the
                  | Dungeon)
 24525 | Zot:5    | Killed a Killer Klown
 24537 | Zot:5    | Killed a Killer Klown
 24659 | Zot:5    | Noticed a curse toe
 24664 | Zot:5    | Noticed a Killer Klown
 24665 | Zot:5    | Got the Orb of Zot
 24725 | Zot:5    | Noticed a Killer Klown
 25310 | D:$      | Escaped with the Orb!

Illustrated notes

Levels and vault maps discovered:
D:1:      evilmike_arrival_hilbert_curve, layout_rooms, serial_shops,
          nicolae_shop_rolling_square
D:2:      layout_rooms, dreamdust_ecumenical_altar_grove, uniq_sigmund
D:3:      layout_basic, marbit_many_paths
D:4:      layout_layer_cave, uniq_eustachio
D:5:      layout_gridville, minmay_temple_entry_waves, chequers_jeans,
          kennysheep_another_room, minmay_fractal_squares_gapless_5
D:6:      layout_rooms, general_overflow_altar
D:7:      layout_loops_cross, mainiacjoe_overflow_six_doors_small, minivault_11
D:8:      layout_loops_ring, st_stairs_13, minmay_nine_imps
D:9:      layout_rooms, bloody_trog, nicolae_concentric_dashed_squares_wild,
          kennysheep_pointless_box, nicolae_alphabet_shops, uniq_erolcha,
          uniq_gastronok
D:10:     layout_cave_pools, mainiacjoe_overflow_boulevard, erik_lair_island,
          orc_0_dummy, serial_shops, shop, enter_bailey_3,
          ebering_dispersal_statue_hall
D:11:     layout_cave_pools, serial_glass, glass_columns_b, glass_columns_b
D:12:     layout_irregular_city
D:13:     layout_stronghold
D:14:     layout_stronghold, grunt_vaults_entry_fortified,
          nicolae_sif_muna_condensation, minivault_23,
          hellmonk_guarded_unrand_vines
D:15:     gammafunk_enter_depths_forms, layout_gridville
Temple:   bh_familiar_temple
Lair:1:   layout_loops_ring, serial_bayou_pond_d, serial_bayou_shore_a
Lair:2:   layout_loops_ring, st_stairs_9
Lair:3:   minmay_lair_oklob_tunnel, layout_cave_pods,
          minmay_swamp_entry_reptiles, nicolae_snake_entry_squirm,
          nicolae_lair_grazing_beasts [nicolae_sub_lair_graze_edge,
          nicolae_sub_lair_graze_edge, nicolae_sub_lair_graze_edge,
          nicolae_sub_lair_graze_edge], serial_bayou_shore_b
Lair:4:   layout_gridlike, slime_entry_2
Lair:5:   due_jungle_book, layout_long_grid, minivault_23,
          nicolae_quartered_pool_medium, lemuel_fruit_tree,
          infiniplex_staircase_pool
Swamp:1:  layout_basic_swamp, evilmike_swamp_ruin_house_6,
          nicolae_swamp_drake_lake, uniq_roxanne
Swamp:2:  layout_basic_swamp, nicolae_swamp_tree_isthmus, swamp_pool4
Swamp:3:  cheibrodos_swamp_heart_of_darkness, layout_basic_swamp,
          evilmike_swamp_ruin_house_1, uniq_donald, uniq_aizul
Swamp:4:  swamp_old_school, layout_basic_swamp
Snake:1:  layout_layer_cave, special_room, lightli_airlock, uniq_rupert
Snake:2:  layout_honeycomb, library_closet, minmay_shop_star, uniq_vashnia,
          uniq_mlioglotl
Snake:3:  hangedman_cross_stitches, layout_rooms, serial_shops,
          nicolae_stop_n_shop_1
Snake:4:  grunt_snake_rune_pools, layout_basic, hellmonk_ghost_happy_afterlife
Orc:1:    layout_caves
Orc:2:    grunt_orc_cross, layout_caves, serial_shops,
          nicolae_shop_tiny_real_fake_doors, guppyfry_library_mini, uniq_snorg
Elf:1:    minmay_elf_arrival_summoners, layout_geoelf_diagonals,
          minmay_elf_necromancy, nicolae_twisting_strands
Elf:2:    elven_hall_of_blades_hangedman_original
          [infiniplex_blade_entry_pillars], layout_loops_ring,
          portal_desolation_entry_garden, uniq_azrael
Elf:3:    minmay_elf_hall_x, layout_geoelf_octagon, serial_shops,
          nicolae_shop_trees, portal_ice_cave_entry_ice_statue_two
Vaults:1: vaults_standard_mumra_enter_the_diamond, hangedman_vaults_slice,
          nicolae_vaults_network_barrier, nicolae_vaults_little_squares_2,
          vaults_room_corners, nicolae_vaults_tetromino_T_1, vaults_mumra_hex,
          nicolae_vaults_ring_of_whatevers, nicolae_vaults_yaktaur_gun_rack,
          nicolae_vaults_house_1, v_misc_19, nicolae_vaults_know_your_exits,
          nicolae_vaults_apartment_2, vaults_room_semicircle,
          layout_vaults_ring, uniq_nikola
Vaults:2: nicolae_vaults_double_plus_1, nicolae_vaults_surprise_closet,
          nicolae_vaults_variable_pillar_hall, nicolae_vaults_mini_display_case,
          v_misc_10, nicolae_vaults_offset_grid_hallway_2, grunt_vaults_twisty,
          v_pattern_3, nicolae_vaults_offset_grid_hallway_4,
          nicolae_vaults_border_crossing, nicolae_vaults_shipping_containers_3,
          layout_vaults_maze_snakey, uniq_margery
Vaults:3: nicolae_vaults_octothorpe, v_misc_4, vaults_room_hallway,
          minmay_crypt_entry_skeletal_spiral, vaults_room_semicircle,
          v_alt_pattern_5, v_misc_5, vaults_room_hallway,
          hangedman_vaults_stagger, nicolae_vaults_little_squares_4,
          nicolae_vaults_trapezoid_3, nicolae_vaults_rhombus_6,
          ontoclasm_vaults_gateway, nicolae_vaults_turnstiles, v_rooms_5,
          layout_vaults_big_cross
Vaults:4: gammafunk_ghost_wrathful_warriors, nicolae_vaults_six-pack,
          nicolae_vaults_six-pack, nicolae_vaults_arrows,
          hangedman_vaults_pinch, vaults_room_door_ring, v_misc_32, v_pattern_2,
          nicolae_vaults_enemy_cabinets, grunt_vaults_hallway_short,
          vaults_dpeg_ring, nicolae_vaults_diamond_1,
          vaults_room_stairs_pillars, layout_vaults_chaotic_city
Depths:1: layout_basic, enter_ziggurat_c, basic_altar, pan_entry,
          hangedman_abyss_entry_splay, hangedman_coc_ice_floe,
          dreamdust_wishing_well, lemuel_flames_and_gold
Depths:2: minmay_the_grid_square_5x5_5x5_mashed
          [minmay_the_grid_square_5x5_mess, minmay_the_grid_square_5x5_bridge,
          minmay_the_grid_square_5x5_detours, minmay_the_grid_square_5x5_meh,
          minmay_the_grid_square_5x5_checkered_statues,
          minmay_the_grid_square_5x5_checkered,
          minmay_the_grid_square_5x5_prize_itemx, minmay_the_grid_square_5x5_z,
          minmay_the_grid_square_5x5_prize_snowflake,
          minmay_the_grid_square_5x5_inverted_slash,
          minmay_the_grid_square_5x5_inset, minmay_the_grid_square_5x5_empty,
          minmay_the_grid_square_5x5_prize_pseudospiral,
          minmay_the_grid_square_5x5_eight, minmay_the_grid_square_5x5_c,
          minmay_the_grid_square_5x5_shuriken,
          minmay_the_grid_square_5x5_prize_open, minmay_the_grid_square_5x5_two,
          minmay_the_grid_square_5x5_prize_junk,
          minmay_the_grid_square_5x5_spiral_small,
          minmay_the_grid_square_5x5_six_small,
          minmay_the_grid_square_5x5_tetrominoes,
          minmay_the_grid_square_5x5_fancy_junction,
          minmay_the_grid_square_5x5_half_checkered,
          minmay_the_grid_square_5x5_misaligned], layout_gridville,
          pf_vacation_house_of_asmodeus, pan_entry, serial_shops, shop, shop,
          fiery_altar_vehumet, minmay_staircase_statues_hall_small
Depths:3: hangedman_cross_cluster, layout_long_grid, nzn_wu_jian_contemplation,
          grunt_metal_band, abyss_entry_flame_altar, serial_bayou_shore_b,
          uniq_parghit
Depths:4: evilmike_zot_entry_round, layout_gridlike, grunt_pan_entry_spiral,
          hell_entry, lemuel_flamethrower_3
Zot:1:    layout_concentric_octagons, st_small_dragon_hoard_4
Zot:2:    layout_gridlike, grunt_ministairs_9, uniq_grunn
Zot:3:    hangedman_snap_crack_crunch, layout_concentric_octagons
Zot:4:    dreamdust_zin_vs_xom, layout_misc_corridors, zot_minivault_1
Zot:5:    layout_misc_corridors

Skill      XL: |  1  2  3  4  5  6  7  8  9 10 11 12 13 14 15 16 17 18 19 20 21 22 23 24 25 26 27 |
---------------+----------------------------------------------------------------------------------+-----
Earth Magic    | 4 5 6 7 8 9 10 11 12 13 14 15 16 17 | 17.5
Spellcasting   | 3 4 5 7 8 10 11 12 13 14 15 16 17 18 | 18.7
Conjurations   | 1 2 3 4 6 7 9 10 11 12 13 14 15 16 | 16.9
Fighting       | 1 4 6 9 11 12 13 14 15 16 17 18 19 20 | 20.7
Dodging        | 3 5 8 10 12 13 14 15 16 17 18 19 20 | 20.3
Stealth        | 2 3 5 6 |  6.0
Evocations     | 5 6 7 8 9 |  9.7
Transmutations | 5 6 7 8 |  8.8
Hexes          | 1 4 6 14 21 | 21.5
Summonings     | 1 4 6 7 9 10 11 12 13 14 15 16 | 16.4
Ice Magic      | 3 5 |  5.9
Air Magic      | 4 5 6 |  6.3
Necromancy     | 3 4 |  4.3
Shields        | 2 5 7 8 10 11 | 11.8
Long Blades    | 2 5 7 8 |  8.0

Action                     |  1- 3 |  4- 6 |  7- 9 | 10-12 | 13-15 | 16-18 | 19-21 | 22-24 | 25-27 || total
---------------------------+-------+-------+-------+-------+-------+-------+-------+-------+-------++-------
  Melee: Dagger            |       |       |       |       |     5 |       |       |       |       ||     5
         Long sword        |       |       |       |       |       |     5 |     3 |    25 |   111 ||   144
  Throw: Dart              |       |       |       |     3 |     3 |     1 |       |       |       ||     7
   Cast: Sandblast         |    34 |    55 |    74 |   192 |   274 |   109 |    31 |     6 |    13 ||   788
         Stone Arrow       |       |     6 |    33 |   112 |   221 |    40 |    79 |   110 |    57 ||   658
         Apportation       |       |       |       |     7 |    38 |    22 |    12 |    16 |       ||    95
         Irradiate         |       |       |       |       |    26 |    42 |    37 |    32 |    40 ||   177
         Freezing Cloud    |       |       |       |       |    38 |    89 |    62 |    46 |    32 ||   267
         Passwall          |       |       |       |       |     7 |     4 |     1 |    18 |    23 ||    53
         Yara's Violent Un |       |       |       |       |     5 |     9 |    34 |    30 |    34 ||   112
         Petrify           |       |       |       |       |     1 |       |       |       |       ||     1
         Iron Shot         |       |       |       |       |    12 |    35 |    51 |   244 |   225 ||   567
         Ozocubu's Armour  |       |       |       |       |       |     2 |       |       |       ||     2
         Borgnjor's Vile C |       |       |       |       |       |    83 |   130 |   262 |   276 ||   751
         Spellforged Servi |       |       |       |       |       |       |     7 |    29 |    67 ||   103
         Summon Cactus Gia |       |       |       |       |       |       |     1 |     2 |     1 ||     4
         Iskenderun's Myst |       |       |       |       |       |       |       |    74 |    34 ||   108
         Discord           |       |       |       |       |       |       |       |       |    19 ||    19
 Invoke: Curse Item        |       |       |     2 |     2 |     6 |     2 |     1 |     1 |     1 ||    15
         Shatter the Chain |       |       |       |       |     2 |     1 |     2 |     1 |       ||     6
  Evoke: Phantom mirror    |       |       |       |     1 |     1 |     1 |       |       |       ||     3
         Wand              |       |       |       |       |     4 |     1 |     4 |     2 |     9 ||    20
         Box of beasts     |       |       |       |       |       |       |       |     1 |     1 ||     2
    Use: Scroll            |       |     4 |     1 |       |     3 |     2 |     1 |     5 |     6 ||    22
         Potion            |       |       |     2 |     2 |     5 |     5 |     1 |     5 |    13 ||    33
   Stab: Distracted        |       |       |       |       |       |       |       |       |     4 ||     4
 Armour: Robe              |     3 |     3 |    13 |       |    23 |    80 |    60 |   101 |    90 ||   373
         Skin              |       |       |    20 |       |       |       |       |       |       ||    20
         Steam dragon scal |       |       |     1 |    66 |   112 |       |       |       |       ||   179
  Dodge: Dodged            |     8 |    16 |    47 |   181 |   413 |   410 |   331 |   658 |   555 ||  2619
  Block: Buckler           |       |       |       |       |    38 |    60 |   107 |       |       ||   205
         Kite shield       |       |       |       |       |       |       |     2 |   531 |   470 ||  1003
         Reflection        |       |       |       |       |       |       |     2 |    13 |    10 ||    25
